Map: Catalyst LE

Players

kin

  • Race: Terran Terran
  • League: Gold
  • Spawn Location: 11:00

Don - Winner!

  • Race: Terran Terran
  • League: Silver
  • Spawn Location: 5:00

VOD

Have the link to the VOD?

Description

Time

  • Played on: Nov. 20, 2017, 9:30 p.m.
  • Length: 14:09
Show
View Real Time Build Order
Export as new Build Order

kin Terran 

Build Orders:  

Get SALT Encoding   

  12  0:01  SCV  
  13  0:13  SCV  
  14  0:27  Supply Depot  
  14  0:29  SCV  
  15  0:49  SCV  
  16  0:51  Barracks  
  16  0:57  Refinery  
  16  1:00  Refinery  
  16  1:01  SCV  
  17  1:13  SCV  
  18  1:39  Supply Depot, Marine  
  19  1:52  Orbital Command  
  19  1:56  Factory  
  19  2:07  Marine  
  19  2:17  Bunker  
  19  2:18  SCV  
  20  2:43  Widow Mine, Barracks Tech Lab  
  20  2:44  Starport  
  22  3:04  Supply Depot  
  22  3:08  Engineering Bay  
  22  3:09  SCV  
  22  3:12  Marauder  
  25  3:23  Concussive Shells  
  25  3:25  Medivac  
  25  3:26  Widow Mine  
  29  3:44  Marauder  
  31  3:56  Factory Tech Lab  
  31  4:07  Starport Reactor  
  31  4:14  Command Center  
  31  4:16  Marauder  
  33  4:33  Siege Tank  
  33  4:38  Marauder  
  38  4:46  Supply Depot  
  38  5:08  Siege Tank  
  37  5:17  Marauder  
  37  5:21  Viking x2  
  41  5:44  Missile Turret  
  41  5:45  Missile Turret  
  41  5:51  Orbital Command, Viking  
  43  5:59  Marauder  
  45  6:06  Missile Turret, Terran Infantry Weapons Level 1  
  45  6:10  SCV  
  46  6:22  SCV  
  35  6:44  Marauder  
  35  6:46  Siege Tank  
  35  6:49  SCV  
  35  6:52  SCV  
  37  7:01  SCV  
  38  7:06  Marauder  
  38  7:07  Refinery  
  40  7:18  Siege Tank  
  43  7:27  Marauder  
  45  7:31  SCV x2  
  47  7:40  Missile Turret  
  47  7:49  Marauder  
  47  7:50  Siege Tank  
  52  7:53  SCV x2  
  52  7:55  Viking, Missile Turret  
  56  8:01  Missile Turret  
  56  8:05  SCV  
  56  8:11  SCV  
  58  8:14  Refinery  
  58  8:17  Missile Turret  
  58  8:18  SCV  
  58  8:19  Missile Turret  
  59  8:23  SCV  
  60  8:28  Barracks  
  60  8:30  SCV  
  61  8:38  Factory, SCV  
  62  8:43  Missile Turret  
  62  8:46  Missile Turret  
  62  9:02  Supply Depot  
  62  9:03  Supply Depot  
  62  9:09  Combat Shields  
  62  9:24  Medivac x2, SCV, Siege Tank  
  70  9:25  Marauder, SCV  
  73  9:38  Barracks Reactor  
  73  9:46  Marauder  
  75  9:59  Medivac  
  77  10:09  Factory Tech Lab  
  77  10:20  Medivac, Marauder, Siege Tank  
  84  10:28  Supply Depot  
  84  10:29  Medivac, Supply Depot  
  86  10:49  Marauder, Marine  
  88  10:51  Supply Depot  
  80  11:05  Command Center  
  80  11:11  Marauder  
  80  11:16  Marine x2  
  78  11:30  Missile Turret  
  78  11:32  Marauder  
  54  11:50  Missile Turret  
  54  11:54  Marauder  
  56  11:55  Starport  
  56  11:57  Starport  
  56  11:59  Viking  
  56  12:00  Viking  
  60  12:11  Missile Turret, SCV x2  
  60  12:15  Marauder  
  64  12:19  Orbital Command  
  64  12:23  SCV x2  
  64  12:28  Marine x2  
  64  12:29  Viking  
  70  12:30  Viking  
  70  12:31  Refinery  
  70  12:36  Marauder  
  71  12:43  Viking x2  
  57  12:58  Refinery  
  54  12:59  Viking  
  54  13:00  Viking  
  54  13:04  Marine  
  54  13:05  Marine x2  
  55  13:12  Viking  
  55  13:13  Viking  
  59  13:22  Marine x2  
  61  13:29  Viking x2  
  58  13:46  Marauder  
Show
View Real Time Build Order
Export as new Build Order

Don Terran - Winner!

Build Orders:  

Get SALT Encoding   

  12  0:01  SCV  
  13  0:13  SCV  
  14  0:18  Supply Depot  
  14  0:25  SCV  
  15  0:39  SCV  
  15  0:42  Barracks  
  16  0:51  SCV  
  17  1:04  SCV, Engineering Bay  
  18  1:14  Refinery  
  18  1:16  SCV  
  19  1:28  SCV  
  19  1:30  Supply Depot  
  20  1:40  SCV  
  20  1:42  Marine  
  22  2:00  Orbital Command  
  21  2:03  Marine  
  22  2:14  Command Center  
  22  2:20  Engineering Bay  
  22  2:26  SCV  
  22  2:28  Marine  
  24  2:38  SCV  
  25  2:48  Building Armor  
  25  2:50  SCV  
  26  2:53  Refinery  
  26  2:59  Marine  
  26  3:02  Supply Depot, SCV  
  28  3:14  Factory, SCV  
  29  3:25  Barracks Tech Lab  
  29  3:26  SCV  
  30  3:29  SCV  
  30  3:30  Refinery  
  31  3:38  SCV  
  32  3:44  Missile Turret, SCV  
  33  3:55  SCV  
  34  3:57  Bunker  
  34  4:05  Planetary Fortress  
  34  4:09  Starport  
  34  4:14  SCV  
  34  4:15  Missile Turret  
  35  4:21  Missile Turret  
  35  4:26  SCV  
  35  4:30  Supply Depot  
  36  4:38  SCV  
  37  4:39  Refinery  
  37  4:43  SCV  
  37  4:45  Missile Turret  
  38  4:46  Starport Tech Lab  
  38  4:49  Fusion Core  
  38  4:50  SCV  
  39  4:55  SCV, Siege Tank  
  43  5:02  SCV  
  42  5:07  SCV  
  43  5:31  Missile Turret  
  43  5:33  SCV x2  
  45  5:43  Hi-Sec Auto Tracking  
  45  5:44  Command Center  
  45  5:45  Weapon Refit, SCV  
  45  5:47  Starport  
  46  5:50  SCV  
  46  5:57  Missile Turret  
  47  6:03  SCV x2  
  48  6:15  SCV x2  
  50  6:19  Command Center  
  50  6:20  Siege Tank  
  53  6:39  SCV  
  54  6:50  SCV  
  54  6:51  SCV  
  56  7:09  SCV x2  
  58  7:28  SCV x2  
  60  7:37  Planetary Fortress  
  60  7:48  Missile Turret, Battlecruiser  
  60  7:49  Starport Tech Lab  
  66  7:53  Armory  
  66  7:54  Armory  
  66  7:56  SCV x2  
  68  8:06  Planetary Fortress  
  68  8:09  Missile Turret  
  68  8:10  Command Center  
  68  8:11  SCV  
  68  8:12  SCV  
  70  8:15  Command Center  
  70  8:21  SCV  
  70  8:24  SCV x2  
  70  8:26  Siege Tank  
  76  8:29  Refinery, Missile Turret  
  76  8:31  Refinery  
  76  8:32  Missile Turret  
  76  8:33  SCV  
  77  8:36  Supply Depot, SCV  
  77  8:37  Battlecruiser  
  84  8:46  Supply Depot  
  84  8:50  Terran Vehicle And Ship Armor Level 1, Terran Vehicle Weapons Level 1  
  84  8:57  SCV x2  
  84  8:59  Supply Depot  
  86  9:05  SCV x2  
  86  9:09  Supply Depot  
  88  9:15  Supply Depot, SCV  
  88  9:16  SCV  
  88  9:17  Missile Turret, SCV  
  90  9:21  SCV  
  90  9:23  Battlecruiser  
  98  9:28  Starport, SCV x2  
  98  9:29  SCV  
  101  9:34  Starport  
  101  9:42  Battlecruiser  
  101  9:43  SCV x4  
  111  9:53  Planetary Fortress  
  111  9:55  Refinery  
  111  9:56  Planetary Fortress  
  111  9:59  Refinery  
  111  10:11  SCV  
  111  10:12  SCV x3  
  115  10:15  Starport Tech Lab x2  
  115  10:19  Supply Depot  
  115  10:21  Supply Depot  
  115  10:27  Missile Turret  
  115  10:31  Missile Turret x2  
  115  10:32  Battlecruiser  
  121  10:44  Battlecruiser  
  121  10:45  Command Center  
  121  10:46  Supply Depot  
  121  10:49  Supply Depot  
  127  10:58  Missile Turret  
  127  10:59  Missile Turret  
  127  11:16  Battlecruiser  
  133  11:25  Battlecruiser  
  138  11:47  Missile Turret  
  138  11:48  Missile Turret  
  138  11:49  Supply Depot  
  138  11:50  Supply Depot  
  138  11:57  Battlecruiser  
  144  12:01  Planetary Fortress  
  144  12:07  Command Center  
  144  12:10  Battlecruiser  
  150  12:31  Command Center  
  150  12:57  Battlecruiser  
  156  13:04  Battlecruiser  
  168  13:23  Planetary Fortress  
  168  13:26  Refinery  
  168  13:39  Refinery  
  162  13:46  Refinery  
Tags
 
Matchup
TvT
Race
Terran
Spawn Locations
Cross Positions
Add a new tag
Caveats
  • Supply blocks, unpowered buildings, or Contaminate may cause inaccurate times.
  • Supply counts are checked every 10 seconds.